 Dungeon Sprint DCSS version 0.31-a0-557-g6e16503903 (webtiles) character file.

Game seed: 7382041872550447629

10147 Midn8 the Ninja (level 11, 0/73 HPs)
             Began as a Kobold Brigand on Aug 17, 2023.
             Was the Champion of Dithmenos.
             Slain by a ghost moth (13 damage)
             ... in the Dungeon (Sprint IV: "Fedhas' Mad Dash").
             The game lasted 00:10:48 (1545 turns).

Midn8 the Ninja (Kobold Brigand)                    Turns: 1545, Time: 00:10:49

Health: 0/73       AC: 10    Str:  9      XL:     11   Next: 87%
Magic:  0/17       EV: 19    Int: 13      God:    Dithmenos [******]
Gold:   35         SH:  5    Dex: 21 (22) Spells: 10/10 levels left

rFire   . . .        v - +8 rapier of Midsummer {flame, Dex+2}
rCold   . . .        q - +0 buckler
rNeg    + . .        n - +3 leather armour {rN+}
rPois   .            (no helmet)
rElec   .            c - +0 cloak
rCorr   .            (no gloves)
SInv    .            o - +2 pair of boots
Will    .....        l - amulet of invisibility {+Inv} Stlth *********+
                     (no ring)
HPRegen 0.32/turn    (no ring)
MPRegen 0.15/turn

%: no teleportation
@: very slightly contaminated, hasted, wreathed by umbra, very quick
A: small, no large weapons, nightstalker 3
a: Renounce Religion, Evoke Invisibility, Shadow Step, Shadow Form


You were in the Dungeon.
You worshipped Dithmenos.
Dithmenos was exalted by your worship.
You visited 1 branch You collected 251 gold pieces.
You spent 216 gold pieces at shops.

Inventory:

Hand Weapons
 a - a +2 dagger
 u - a +1 rapier of flaming
 v - the +8 rapier of Midsummer (weapon) {flame, Dex+2}
   (You bought it in a shop in the Dungeon)

   Dex+2:     It affects your dexterity (+2).
 w - a +3 short sword of draining
Missiles
 d - 8 poisoned darts (quivered)
 e - 3 curare-tipped darts
Armour
 b - a +0 robe
 c - a +0 cloak (worn)
 n - a +3 leather armour of positive energy (worn)
 o - a +2 pair of boots (worn)
 q - a +0 buckler (worn)
Jewellery
 l - the amulet of invisibility (around neck) {+Inv}
   (You found it in the Dungeon)

   [amulet of nothing]

   +Inv:      It lets you turn invisible.
Talismans
 t - a storm talisman
Scrolls
 k - a scroll of blinking
 m - a scroll of vulnerability {unknown}
 p - a scroll of enchant armour {unknown}
 r - a scroll of poison {unknown}
Potions
 g - a potion of heal wounds
 i - 2 potions of magic
 s - a potion of might {unknown}
Miscellaneous
 f - a sack of spiders (inert)


   Skills:
 - Level 10.5 Fighting
 - Level 14.0 Short Blades
 - Level 2.1 Throwing
 - Level 8.0 Dodging
 O Level 27 Stealth
 - Level 8.9 Invocations
 + Level 12.1 Evocations


You had 10 spell levels left.
You didn't know any spells.
Your spell library contained the following spells:

 Spells                   Type           Power      Damage    Failure   Level
 Sublimation of Blood     Necr           0%         N/A       71%         2
 Portal Projectile        Hex/Tloc       0%         N/A       90%         3
 Tukima's Dance           Hex            0%         N/A       90%         3
 Cause Fear               Hex            0%         N/A       100%        4
 Iskenderun's Mystic Bla  Conj/Tloc      0%         2d3       100%        4
 Death Channel            Necr           0%         N/A       100%        6
 Infestation              Necr           0%         N/A       100%        8


Dungeon Overview and Level Annotations

Branches:
Dungeon (1/1)

Altars:
Cheibriados
Dithmenos
Elyvilon
Gozag
Hepliaklqana
Kikubaaqudgha
Makhleb
Nemelex Xobeh
Okawaru
Qazlal
Ru
Sif Muna
Trog
Uskayaw
Vehumet
Wu Jian
Xom
Yredelemnul
Zin
The Shining One
Jiyva
Lugonu

Shops:
D [:=![=[(:*(


Innate Abilities, Weirdness & Mutations

You are small and have problems with some larger weapons.
You are completely attuned to the shadows.


Message History

Okay, then.
Okay, then.
What are your orders? t - Shout!
Orders for allies: a - Attack new target. r - Retreat! s - Stop attacking. g - Guard the area. f - Follow me.
Anything else - Cancel.
Retreat in which direction?
Press: ? - help, Dir - move target Fall back!
You flicker back into view.
Your jumping spider dies!
Your jumping spider's corpse disappears in a puff of smoke!
Something hits your tarantella.
Something barely misses your tarantella. x2
Unknown command.
You feel yourself speed up.
You feel you are being watched by something.
You feel your power leaking away.
You hit something but do no damage.
You feel you are being watched by something.
You feel your power leaking away. Something misses you. Something hits you.
* * * LOW HITPOINT WARNING * * *
Something stings you.
* * * LOW HITPOINT WARNING * * *
You barely miss something. You puncture something! You burn something.
You feel you are being watched by something.
Something hits you.
* * * LOW HITPOINT WARNING * * *
You feel clumsy. You block something's attack. Something stings you.
* * * LOW HITPOINT WARNING * * *
You hit something. You burn something.
Your shadow hits something but does no damage.
You puncture something! You burn something. You block something's attack.
Something hits you!
You die...

#...♣........'...#._._.
#......♣.....#...######
#....†♣..♣..######♣♣♣♣♣
##'####'######..'......
#(.#....'.......#♣..♣♣♣
#..#..###.......#.♣♣..♣
#######################
..s§s§................
∩..s{@.§............P.
∩.§§§§§.....)......)P.
∩.§§§§§.............P.
##########+###########


You could see a friendly culicivora (summoned) and a friendly tarantella
(summoned).

Vanquished Creatures
  Agnes (D)
  A spriggan defender (D)
  A demonic crawler (D)
  A spriggan berserker (D)
  A spriggan druid (D)
  6 oklob plants (D)
  3 burning bushes (D)
  A queen bee (D)
  2 hornets (D)
  3 wandering mushrooms (D)
  3 scorpions (D)
  4 killer bees (D)
  5 oklob saplings (D)
  7 spriggans (D)
  A river rat (D)
  A rat (D)
  A ballistomycete spore (D)
42 creatures vanquished.

Vanquished Creatures (collateral kills)
  A demonic crawler (D)
  A hornet (D)
2 creatures vanquished.

Vanquished Creatures (others)
  A ballistomycete spore (D)
1 creature vanquished.

Grand Total: 45 creatures vanquished

Notes
Turn   | Place    | Note
-------+----------+-------------------------------------------
     0 | D        | Midn8 the Kobold Brigand began the quest for the Orb.
     0 | D        | Reached XP level 1. HP: 12/12 MP: 1/1
    14 | D        | Reached skill level 8 in Stealth
    14 | D        | Reached XP level 2. HP: 13/17 MP: 2/2
    46 | D        | Noticed an oklob sapling
    46 | D        | Noticed a scorpion
   151 | D        | Killed an oklob sapling
   152 | D        | Reached skill level 10 in Stealth
   152 | D        | Reached XP level 3. HP: 21/21 MP: 3/3
   159 | D        | Killed a scorpion
   160 | D        | Reached skill level 12 in Stealth
   160 | D        | Reached XP level 4. HP: 29/29 MP: 4/4
   166 | D        | Found the amulet of invisibility {+Inv}
   188 | D        | Found an opulent altar of Gozag.
   188 | D        | Found a sacrificial altar of Ru.
   189 | D        | Found a burning altar of Makhleb.
   189 | D        | Found an ornate altar of the Wu Jian Council.
   189 | D        | Found a shimmering altar of Xom.
   190 | D        | Found a hazy altar of Hepliaklqana.
   190 | D        | Found a shimmering blue altar of Sif Muna.
   191 | D        | Found a sparkling altar of Nemelex Xobeh.
   191 | D        | Found a basalt altar of Yredelemnul.
   191 | D        | Found a snail-covered altar of Cheibriados.
   192 | D        | Found a bloodstained altar of Trog.
   192 | D        | Found a viscous altar of Jiyva.
   192 | D        | Noticed an oklob sapling priest
   193 | D        | Found an iron altar of Okawaru.
   193 | D        | Found a glowing silver altar of Zin.
   193 | D        | Found a shadowy altar of Dithmenos.
   194 | D        | Found a hide-covered altar of Uskayaw.
   194 | D        | Found an ancient bone altar of Kikubaaqudgha.
   195 | D        | Found a stormy altar of Qazlal.
   195 | D        | Found a glowing golden altar of the Shining One.
   195 | D        | Found a white marble altar of Elyvilon.
   196 | D        | Killed an oklob sapling priest
   197 | D        | Reached skill level 5 in Evocations
   197 | D        | Reached XP level 5. HP: 33/33 MP: 5/5
   197 | D        | Found a corrupted altar of Lugonu.
   197 | D        | Found a radiant altar of Vehumet.
   199 | D        | Became a worshipper of Dithmenos the Shadowed
   279 | D        | Noticed a queen bee
   286 | D        | Reached skill level 5 in Fighting
   286 | D        | Reached XP level 6. HP: 41/41 MP: 6/6
   291 | D        | Reached * piety under Dithmenos
   292 | D        | Reached skill level 13 in Stealth
   294 | D        | Killed a queen bee
   295 | D        | Reached skill level 15 in Stealth
   295 | D        | Reached XP level 7. HP: 39/46 MP: 7/7
   296 | D        | Reached skill level 16 in Stealth
   297 | D        | Reached ** piety under Dithmenos
   332 | D        | Noticed an oklob plant
   335 | D        | Killed an oklob plant
   336 | D        | Reached skill level 18 in Stealth
   336 | D        | Reached skill level 10 in Short Blades
   336 | D        | Reached XP level 8. HP: 54/54 MP: 8/8
   381 | D        | Noticed a burning bush
   385 | D        | Killed a burning bush
   386 | D        | Reached skill level 5 in Invocations
   389 | D        | Got Faafej's Dissertation on the Graveyard and the Oath
   418 | D        | Noticed a burning bush
   420 | D        | Killed a burning bush
   421 | D        | Reached skill level 19 in Stealth
   421 | D        | Reached XP level 9. HP: 59/59 MP: 13/13
   421 | D        | Noticed an oklob plant
   423 | D        | Noticed a wandering mushroom
   425 | D        | Killed an oklob plant
   425 | D        | Reached *** piety under Dithmenos
   429 | D        | Killed a wandering mushroom
   479 | D        | Reached skill level 20 in Stealth
   522 | D        | Reached **** piety under Dithmenos
   568 | D        | Found Zuiqev's Armour Shop.
   568 | D        | Found Ahooll's Distillery.
   601 | D        | Noticed a burning bush
   601 | D        | Noticed a wandering mushroom
   602 | D        | Noticed a wandering mushroom
   604 | D        | Killed a wandering mushroom
   605 | D        | Reached skill level 21 in Stealth
   606 | D        | Killed a burning bush
   606 | D        | Reached ***** piety under Dithmenos
   608 | D        | Reached skill level 22 in Stealth
   609 | D        | Killed a wandering mushroom
   610 | D        | Reached XP level 10. HP: 64/64 MP: 14/14
   645 | D        | Found Leruibe's Weapon Shoppe.
   646 | D        | Found Vuxior's Book Emporium.
   753 | D        | Noticed a spriggan druid
   754 | D        | Killed a spriggan druid
   755 | D        | Reached skill level 23 in Stealth
   790 | D        | Noticed an oklob plant conjurer
   791 | D        | Killed an oklob plant conjurer
   792 | D        | Reached skill level 24 in Stealth
   887 | D        | Noticed an oklob plant
   888 | D        | Noticed an oklob plant summoner
   890 | D        | Noticed an oklob plant shifter
   891 | D        | Killed an oklob plant
   893 | D        | Killed an oklob plant summoner
   894 | D        | Reached skill level 25 in Stealth
   896 | D        | Killed an oklob plant shifter
   921 | D        | Noticed a demonic crawler
   923 | D        | Killed a demonic crawler
   924 | D        | Reached skill level 26 in Stealth
   973 | D        | Noticed a spriggan rider
   975 | D        | Found Koraet's Antique Weapon Shoppe.
   975 | D        | Found Jises's Assorted Antiques.
   977 | D        | Reached ****** piety under Dithmenos
   978 | D        | Reached skill level 27 in Stealth
   978 | D        | Reached XP level 11. HP: 68/68 MP: 15/15
   979 | D        | Killed a spriggan rider
   980 | D        | Reached skill level 10 in Fighting
   995 | D        | Bought a shimmering rapier for 216 gold pieces
   995 | D        | Identified the +8 rapier of Midsummer {flame, Dex+2} (You
                  | bought it in a shop in the Dungeon)
  1153 | D        | Noticed a spriggan berserker
  1153 | D        | Noticed Agnes
  1155 | D        | Found Jiasiqiph's Jewellery Emporium.
  1157 | D        | Killed Agnes
  1202 | D        | Killed a spriggan berserker
  1246 | D        | Found Ipnuzenaqu's Armour Shoppe.
  1249 | D        | Noticed a spriggan defender
  1256 | D        | Killed a spriggan defender
  1444 | D        | Noticed a spriggan rider
  1446 | D        | Killed a spriggan rider
  1447 | D        | Reached skill level 10 in Evocations
  1526 | D        | Noticed a demonic crawler
  1527 | D        | Found Tinist's Jewellery Emporium.
  1527 | D        | Found Gaweazyfi's Book Boutique.
  1527 | D        | Found Naxzawk's Armour Shoppe.
  1530 | D        | Killed a demonic crawler
  1537 | D        | Paralysed by a hornet for 1 turns
  1545 | D        | Slain by a ghost moth

Illustrated notes

Levels and vault maps discovered:
D:        dungeon_sprint_fedhas [sprint_temple]

Skill      XL: |  1  2  3  4  5  6  7  8  9 10 11 |
---------------+----------------------------------+-----
Stealth        | 8 10 12 15 18 19 22 27 | 27.0
Short Blades   | 4 6 8 10 14 | 14.0
Fighting       | 4 5 6 7 8 10 | 10.5
Evocations     | 5 8 12 | 12.1
Invocations    | 6 8 |  8.9
Dodging        | 8 |  8.0
Throwing       | |  2.1

Action                     |  1- 3 |  4- 6 |  7- 9 | 10-12 || total
---------------------------+-------+-------+-------+-------++-------
  Melee: Dagger            |     7 |    11 |    16 |    10 ||    44
         Rapier            |       |       |       |    21 ||    21
  Throw: Dart              |     5 |     3 |       |       ||     8
 Invoke: Shadow Step       |       |       |       |     3 ||     3
Ability: Evoke Invisibilit |       |     3 |     7 |    15 ||    25
    Use: Potion            |       |       |       |     3 ||     3
   Stab: Sleeping          |     1 |     2 |    14 |    14 ||    31
         Distracted        |     1 |       |       |       ||     1
         Invisible         |       |     3 |     2 |       ||     5
 Armour: Robe              |       |     1 |       |       ||     1
         Leather armour    |       |       |       |     2 ||     2
  Dodge: Dodged            |     3 |     5 |       |     4 ||    12
  Block: Buckler           |       |       |       |     2 ||     2

Table legend: (Time is in decaauts)
 A = Elapsed time spent in this place.
 B = Non-inter-level travel time spent in this place.
 C = Inter-level travel time spent in this place.
 D = Time resting spent in this place.
 E = Time spent auto-exploring this place.
 F = Levels seen in this place.
 G = Mean time per level.
                   A        B        C        D        E       F      G
               +--------+--------+--------+--------+--------+-----+--------+
         Total |   1526 |   1495 |     31 |    925 |      0 |   1 | 1526.0 |
       Dungeon |   1526 |   1495 |     31 |    925 |      0 |   1 | 1526.0 |
               +--------+--------+--------+--------+--------+-----+--------+

Top non-repeatable levels by time:
       D: 1526 daAuts
